 Dungeon Crawl Stone Soup version 0.24.0-125-gc4c63601f3 (webtiles) character file.

Game seed: 9488802035784370247, levelgen mode: deterministic

233 nightchill the Chopper (level 6, 56/56 HPs)
             Began as a Hill Orc Fighter on Mar 21, 2020.
             Was an Initiate of Beogh.
             Got out of the dungeon alive.
             The game lasted 00:06:23 (3044 turns).

nightchill the Chopper (Hill Orc Fighter)           Turns: 3044, Time: 00:06:24

Health: 56/56      AC:  6    Str: 21    XL:     6   Next: 4%
Magic:  6/6        EV:  7    Int:  8    God:    Beogh [......]
Gold:   198        SH:  9    Dex: 10    Spells: 5/5 levels left

rFire    . . .     SeeInvis .   a - +0 war axe
rCold    . . .     Gourm    .   c - +0 shield
rNeg     . . .     Faith    .   b - +0 scale mail
rPois    .         Spirit   .   (no helmet)
rElec    .         Reflect  .   (no cloak)
rCorr    .         Harm     .   (no gloves)
MR       .....                  (no boots)
Stlth    ..........             (no amulet)
HPRegen  0.18/turn              (no ring)
MPRegen  0.10/turn              (no ring)

@: no status effects
A: no striking features
a: Renounce Religion


You escaped.
You worshipped Beogh.
Beogh was noncommittal.
You were very hungry.

You visited 1 branch of the dungeon, and saw 4 of its levels.

You collected 198 gold pieces.

Inventory:

Hand Weapons
 a - a +0 war axe (weapon)
Missiles
 e - 11 boomerangs (quivered)
Armour
 b - a +0 scale mail (worn)
 c - a +0 shield (worn)
Jewellery
 i - an uncursed ring of resist corrosion {unknown}
Scrolls
 h - a scroll of enchant armour {unknown}
 j - a scroll of identify {unknown}
 o - 3 scrolls of teleportation {unknown}
 p - a scroll of remove curse {unknown}
 q - a scroll of enchant weapon {unknown}
Potions
 d - a potion of might
 g - a potion of invisibility {unknown}
 k - a potion of heal wounds {unknown}
 l - a potion of magic {unknown}
 m - a potion of lignification {unknown}
 n - a potion of degeneration {unknown}
 r - a potion of agility {unknown}
 s - 2 potions of curing
 t - a potion of haste {unknown}
Comestibles
 f - 6 rations


   Skills:
 + Level 5.2 Fighting
 * Level 6.7 Axes
 - Level 3.2 Armour
 - Level 3.2 Shields
 + Level 1.1 Invocations


You had 5 spell levels left.
You didn't know any spells.
Your spell library was empty.

Dungeon Overview and Level Annotations

Branches:
Dungeon (4/15)
 Temple: D:4-7

Altars:
Elyvilon
Fedhas
Okawaru
Ru
Xom

Annotations:
D:2 2 transporters


Message History

You are feeling very hungry.
(D) Dungeon
Where to? (Enter - D:1, ? - help)
There is an open door here.
There is a stone staircase leading up here.
You climb upwards.
There is a stone staircase leading down here.
(D) Dungeon
Where to? (Enter - D:1, ? - help)
Okay, then.
You can't go up here!
(D) Dungeon
Where to? (Enter - D:1, ? - help)
Okay, then.
You see here 7 arrows.
There is a staircase leading out of the dungeon here.
Are you sure you want to leave the Dungeon?
This will make you lose the game!
Alright, then stay!
Are you sure you want to leave the Dungeon?
This will make you lose the game!
You have escaped!

########.####.###.#.#.#...###
#.........#...#.#.#.#....##
#########.###.#.#.#.#....##
#...........#...#.#.#....##
#.###.#####.###.#...###..##
#.#...#...#...#.#.### #..##
###.###.#.###.#.#.#.# #....
#...#...#.....#...#.# #..##
#.###.###.@.###.###.# #..##
#.#...#.....#...#...# #..##
#.#.#.#.###.#(###.### #..##
###.#.#...#...#...#.# #....
#...#.###.#####.###.# #.###
#(#.#...#...........# #.#
#.#.#.#.###.###########.###
#.#.#.#...#.........#......
#.#.#.###.####.######.#####


There were no monsters in sight!

Vanquished Creatures
  A scorpion (D:4)
  2 orc wizards (D:3)
  A howler monkey skeleton (D:4)
  2 adders
  2 oozes
  A worm (D:2)
  3 dart slugs
  3 leopard geckos
  6 orcs
  6 bats
  6 giant cockroaches
  10 goblins
  5 hobgoblins
  2 jackals (D:3)
  8 kobolds
  2 quokkas
  A ball python (D:2)
  4 frilled lizards
  23 rats
88 creatures vanquished.

Notes
Turn   | Place    | Note
-------+----------+-------------------------------------------
     0 | D:1      | nightchill the Hill Orc Fighter began the quest for the
                  | Orb.
     0 | D:1      | Reached XP level 1. HP: 19/19 MP: 1/1
    52 | D:1      | Reached skill level 3 in Axes
   262 | D:1      | Reached XP level 2. HP: 26/27 MP: 2/2
   567 | D:1      | Reached skill level 4 in Axes
   567 | D:1      | Reached XP level 3. HP: 28/33 MP: 3/3
   985 | D:2      | Found a white marble altar of Elyvilon.
   987 | D:2      | Noticed an ogre
   988 | D:2      | Noticed an ogre
   990 | D:2      | Found a transporter.
  1010 | D:2      | Found a transporter.
  1567 | D:2      | Reached XP level 4. HP: 38/41 MP: 4/4
  1637 | D:2      | Reached skill level 5 in Axes
  2334 | D:3      | Reached XP level 5. HP: 39/47 MP: 5/5
  2340 | D:3      | Reached skill level 5 in Fighting
  2340 | D:3      | Reached skill level 6 in Axes
  2521 | D:3      | Found a blossoming altar of Fedhas.
  2521 | D:3      | Found a shimmering altar of Xom.
  2523 | D:3      | Found an iron altar of Okawaru.
  2764 | D:4      | Became a worshipper of Beogh the Brigand
  2863 | D:4      | Reached skill level 1 in Invocations
  2863 | D:4      | Reached XP level 6. HP: 48/56 MP: 6/6
  2908 | D:4      | Found a sacrificial altar of Ru.
  3044 | D:$      | Got out of the dungeon alive.

Levels and vault maps discovered:
D:1:      psy_arrival_radial02, layout_basic, skrybe_limestone_x,
          minmay_misc_feat_ornament
D:2:      kb_forest_paths, layout_loops_corners,
          gammafunk_temple_overflow_arena, minmay_rat_hole
D:3:      layout_basic, nicolae_overflow_hidden_temple, first_ration
D:4:      layout_cave_pods, nicolae_overflow_crystal_walls,
          overflow_temple_1_default, vehumet_crystals, temple_green,
          serial_shops, shop

Skill      XL: |  1  2  3  4  5 |
---------------+----------------+-----
Axes           | 3 4 5 6 |  6.7
Fighting       | 4 5 |  5.2
Invocations    | 1 |  1.1
Armour         | |  3.2
Shields        | |  3.2

Action                   |  1- 3 |  4- 6 || total
-------------------------+-------+-------++-------
Melee: War axe           |   112 |   121 ||   233
Invok: Convert to Beogh  |       |     1 ||     1
  Eat: Chunk             |     2 |     4 ||     6
Armor: Scale mail        |    72 |    54 ||   126
Dodge: Dodged            |    37 |    44 ||    81
Block: Shield            |    65 |    41 ||   106
